 Dungeon Crawl Stone Soup version 0.31-a0-1112-ga3593d9213 (webtiles) character file.

Game seed: 15533907860931866526

8248 Malachi the Magus (level 11, -8/84 HPs)
             Began as a Demonspawn Shapeshifter on Dec 4, 2023.
             Was an Elder of Nemelex Xobeh.
             Mangled by an earth elemental (16 damage)
             ... on level 10 of the Dungeon.
             The game lasted 00:12:27 (11125 turns).

Malachi the Magus (Demonspawn Shapeshifter)        Turns: 11125, Time: 00:12:28

Health: -8/84      AC:  9    Str: 19    XL:     11   Next: 7%
Magic:  22/22      EV: 11    Int: 11    God:    Nemelex Xobeh [****..]
Gold:   552        SH:  5    Dex: 12    Spells: 10/10 levels left

rFire   + .          .
                       - Unarmed
rCold   . . .        (no shield)
rNeg    . . .        m - +4 ring mail {rPois}
rPois   +            (helmet currently unavailable)
rElec   .            (cloak currently unavailable)
rCorr   .            (gloves currently unavailable)
SInv    .            (boots currently unavailable)
Will    .....        g - amulet of reflection
Stlth   +            k - ring of protection from fire
HPRegen 0.34/turn    (no ring)
MPRegen 0.18/turn

%: reflection
@: beast-form
A: beast (slay +4), antennae 2, hooves 2, ignite blood 1, demonic touch 2
a: Begin Untransformation, Renounce Religion, Draw Escape, Draw Destruction,
Draw Summoning, Triple Draw, Deal Four


You were on level 10 of the Dungeon.
You worshipped Nemelex Xobeh.
Nemelex Xobeh was greatly pleased with you.
You were a hulking beast.
You visited 1 branch of the dungeon, and saw 10 of its levels.
You also visited: Ossuary.

You collected 604 gold pieces.
You spent 52 gold pieces at shops.

Inventory:

Missiles
 a - 6 throwing nets
 G - 2 curare-tipped darts
Armour
 m - a +4 ring mail of poison resistance (worn)
 u - a +0 pair of gloves
Jewellery
 g - an amulet of reflection (around neck)
 k - a ring of protection from fire (left hand)
 l - a ring of magical power
 n - a ring of positive energy
 D - a ring of positive energy
 I - a +6 ring of intelligence
Talismans
 c - a beast talisman
 d - a flux talisman
Wands
 h - a wand of paralysis (10)
 o - a wand of mindburst (10)
 t - a wand of roots (9)
 E - a wand of polymorph (11)
 H - a wand of acid (9)
Scrolls
 f - 5 scrolls of fog
 p - 5 scrolls of poison
 q - a scroll of silence
 r - 4 scrolls of teleportation
 s - 2 scrolls of identify
 y - 2 scrolls of enchant armour
 B - 3 scrolls of blinking
 C - a scroll of vulnerability
 F - a scroll of immolation
Potions
 b - 2 potions of lignification
 e - 3 potions of invisibility
 i - 2 potions of heal wounds
 j - 2 potions of might
 v - a potion of ambrosia {unknown}
 w - a potion of magic
 x - 3 potions of curing
 z - 2 potions of mutation {unknown}
 A - 2 potions of enlightenment {unknown}
 K - a potion of haste {unknown}
 L - a potion of brilliance {unknown}


   Skills:
 - Level 7.0 Fighting
 - Level 1.7 Dodging
 - Level 7.0 Unarmed Combat
 + Level 15.1 Invocations
 - Level 7.0 Shapeshifting


You had 10 spell levels left.
You didn't know any spells.
Your spell library contained the following spells:

 Spells                   Type           Power      Damage    Failure   Level
 Leda's Liquefaction      Hex/Erth       0%         N/A       99%         4
 Manifold Assault         Tloc           0%         N/A       99%         4
 Lee's Rapid Deconstruct  Erth           0%         3d4*      100%        5
 Bombard                  Conj/Erth      0%         9d1       100%        6
 Dispersal                Tloc           0%         N/A       100%        6
 Disjunction              Tloc           0%         N/A       100%        8


Dungeon Overview and Level Annotations

Branches:
Dungeon (10/15)            Temple (0/1) D:4            Lair (0/5) D:9
    Orc (0/2) D:9         Ossuary (visited)

Altars:
Ashenzari
Makhleb
Nemelex Xobeh
Ru
Trog
Uskayaw

Shops:
D:4 ![


Innate Abilities, Weirdness & Mutations

You are a hulking beast.
Your limbs bulge with bestial killing power. (Slay +4)
You have a pair of antennae on your head.
You have hoof-like feet.
Your demonic aura sometimes causes spilled blood to erupt in flames.
Your touch may inflict irresistible damage on your foes.


Message History

You punch the water elemental!
The water elemental is moderately damaged.
The fire elemental hits you. The fire elemental burns you! You resist.
The water elemental hits you!
You hit the water elemental. You kick the water elemental.
You punch the water elemental!
The water elemental is severely damaged.
The fire elemental hits you. The fire elemental burns you! You resist.
The water elemental hits you!
The water elemental engulfs you in water!
You punch the fire elemental!
You destroy the fire elemental!
Your lungs strain for air!
You block the water elemental's attack.
Your Invocations skill increases to level 15!
You hit the water elemental but do no damage.
You touch the water elemental!
You punch the water elemental.
You destroy the water elemental!
The water engulfing you falls away.
You gasp with relief as air once again reaches your lungs.
You hit the earth elemental but do no damage.
You kick the earth elemental, but do no damage.
You barely miss the earth elemental.
You touch the earth elemental!
The earth elemental is moderately damaged.
The earth elemental barely misses you.
You hit the earth elemental. You kick the earth elemental.
The earth elemental is moderately damaged.
You hit the earth elemental but do no damage.
Your touch misses the earth elemental. You punch the earth elemental.
The earth elemental is heavily damaged.
The earth elemental hits you!!
* * * LOW HITPOINT WARNING * * *
You punch the earth elemental!
The earth elemental is severely damaged.
You punch the earth elemental!
You kick the earth elemental, but do no damage.
The earth elemental is almost destroyed.
The earth elemental hits you!
You die...
Your body glows slightly and disappears.

#........# #.
#≈≈....≈≈##########.
#≈≈....≈≈#..........
#''# ###........
##..# #........
#..## #........ #.##
#........ #E#
#....>... #h#
#........
###○########........
#.............<.....
#...................
####################
####################
#...................


You could see an earth elemental.

Vanquished Creatures
  An unseen horror (D:10)
  2 trolls (D:10)
  A hornet (D:9)
  Prince Ribbit (D:5)
  Grinder (D:3)
  2 shadows
  A vampire (D:10)
  A water elemental (D:10)
  9 yaks
  A wraith (D:10)
  A fire elemental (D:10)
  4 hogs (D:9)
  A human (D:9)
  2 steam dragons
  An acid dragon (D:10)
  2 orc warriors
  3 ice beasts
  A sky beast (D:7)
  2 ogres
  3 centaurs
  2 phantoms
  2 kobold brigands
  3 bullfrogs
  3 gnoll sergeants
  3 scorpions
  6 wights
  2 troll zombies (D:9)
  3 howler monkeys
  An electric eel (D:9)
  A jelly (D:4)
  A lava snake (D:10)
  A quasit (D:8)
  3 hounds
  8 orc priests
  A gnoll bouda (D:7)
  Terence (D:2)
  Natasha (thrice) (D:3)
  3 iguanas
  4 orc wizards
  6 ogre zombies (D:9)
  12 mummies (Ossuary)
  18 gnolls
  6 adders
  5 shadow imps
  2 white imps (D:8)
  An ufetubus (D:8)
  3 worms
  A dart slug (D:4)
  11 orcs
  7 ball pythons
  11 endoplasms
  2 giant cockroaches (D:4)
  2 gnoll zombies (D:9)
  8 hobgoblins
  4 jackals (D:2)
  5 quokkas
  8 bats
  2 frilled lizards
  4 gnoll skeletons
  15 goblins
  3 goblin skeletons (Ossuary)
  10 kobolds
  A kobold skeleton (Ossuary)
  8 orc skeletons
  15 orc zombies (D:9)
  11 rat skeletons (Ossuary)
272 creatures vanquished.

Notes
Turn   | Place    | Note
-------+----------+-------------------------------------------
     0 | D:1      | Malachi the Demonspawn Shapeshifter began the quest for the
                  | Orb.
     0 | D:1      | Reached XP level 1. HP: 15/15 MP: 1/1
   169 | D:1      | Discovered your monstrous ancestry.
   169 | D:1      | Gained mutation: Your touch may inflict minor irresistible
                  | damage on your foes. [demonic ancestry]
   169 | D:1      | Reached XP level 2. HP: 12/21 MP: 2/2
  1074 | D:2      | Reached XP level 3. HP: 14/26 MP: 3/3
  1287 | D:2      | Gained mutation: Your demonic aura sometimes causes spilled
                  | blood to erupt in flames. [demonic ancestry]
  1287 | D:2      | Reached XP level 4. HP: 31/32 MP: 4/4
  1309 | D:2      | Noticed Terence
  1321 | D:2      | Killed Terence
  1488 | D:2      | Reached skill level 5 in Unarmed Combat
  1852 | D:2      | Identified the +1 hand axe of Resourcefulness {vamp, rElec
                  | rC++ Will- Stlth+}
  2158 | D:3      | Noticed Grinder
  2175 | D:3      | Paralysed by Grinder for 5 turns
  2184 | D:3      | Killed Grinder
  2185 | D:3      | Gained mutation: You have large cloven feet. [demonic
                  | ancestry]
  2185 | D:3      | Reached XP level 5. HP: 28/37 MP: 5/5
  2185 | D:3      | Gained mutation: You have hoof-like feet. [demonic
                  | ancestry]
  2185 | D:3      | Reached XP level 6. HP: 32/43 MP: 6/6
  2358 | D:3      | Noticed Natasha
  2365 | D:3      | Killed Natasha
  2530 | D:3      | Found a sacrificial altar of Ru.
  2586 | D:3      | Noticed Natasha
  2589 | D:3      | Killed Natasha
  2650 | D:3      | Noticed Natasha
  2656 | D:3      | Killed Natasha
  2661 | D:4      | Found Carez's Distillery.
  2664 | D:4      | Bought a potion of might for 52 gold pieces
  2712 | D:4      | Found a broken altar of Ashenzari.
  2728 | D:4      | Found a staircase to the Ecumenical Temple.
  2750 | D:4      | Found Douqepni's Armour Boutique.
  2895 | D:4      | Found a sparkling altar of Nemelex Xobeh.
  2906 | D:4      | Became a worshipper of Nemelex Xobeh the Trickster
  3120 | D:4      | Gained mutation: Your touch may inflict irresistible damage
                  | on your foes. [demonic ancestry]
  3120 | D:4      | Reached XP level 7. HP: 32/49 MP: 7/7
  3553 | D:4      | Found a burning altar of Makhleb.
  3626 | D:5      | Entered Level 5 of the Dungeon
  3751 | D:5      | Noticed Prince Ribbit
  3758 | D:5      | Killed Prince Ribbit
  3759 | D:5      | Reached XP level 8. HP: 60/60 MP: 8/8
  3935 | D:5      | Identified the +5 short sword "Dragon's Demise" {freeze,
                  | rPois rC+ Will+}
  4071 | D:5      | Found a transporter.
  4074 | D:5      | Found a transporter.
  4346 | D:6      | Reached * piety under Nemelex Xobeh
  4346 | D:6      | Received a gift from Nemelex Xobeh
  4368 | D:6      | Reached skill level 5 in Fighting
  4368 | D:6      | Reached skill level 5 in Shapeshifting
  4482 | D:6      | Found a sand-covered staircase.
  4577 | Ossuary  | Entered an ossuary
  6086 | D:6      | Reached ** piety under Nemelex Xobeh
  6345 | D:7      | Gained mutation: You have a pair of small antennae on your
                  | head. [demonic ancestry]
  6345 | D:7      | Reached XP level 9. HP: 58/71 MP: 9/9
  6465 | D:7      | Reached skill level 1 in Invocations
  6469 | D:7      | Reached skill level 3 in Invocations
  6542 | D:7      | Reached skill level 4 in Invocations
  6603 | D:7      | Reached skill level 5 in Invocations
  6841 | D:7      | Reached skill level 6 in Invocations
  6904 | D:7      | Found a bloodstained altar of Trog.
  6927 | D:7      | Reached skill level 7 in Invocations
  7143 | D:7      | Reached skill level 8 in Invocations
  7533 | D:8      | Reached *** piety under Nemelex Xobeh
  7935 | D:8      | Found the +8 trident of the Octopus King {venom, rElec
                  | rPois}
  7972 | D:8      | Received a gift from Nemelex Xobeh
  8103 | D:9      | Found a staircase to the Lair.
  8153 | D:9      | Found a staircase to the Orcish Mines.
  8160 | D:9      | Reached skill level 9 in Invocations
  8172 | D:9      | Reached XP level 10. HP: 41/76 MP: 16/16
  8193 | D:9      | Reached skill level 10 in Invocations
  8518 | D:9      | Reached skill level 11 in Invocations
  8745 | D:9      | Received a gift from Nemelex Xobeh
  8784 | D:9      | Reached skill level 12 in Invocations
  9752 | D:10     | Entered Level 10 of the Dungeon
  9752 | D:10     | Reached **** piety under Nemelex Xobeh
  9752 | D:10     | Received a gift from Nemelex Xobeh
  9767 | D:10     | Reached skill level 13 in Invocations
 10099 | D:10     | Received a gift from Nemelex Xobeh
 10306 | D:10     | Found a hide-covered altar of Uskayaw.
 10349 | D:10     | Reached skill level 14 in Invocations
 10709 | D:10     | Gained mutation: You have a pair of antennae on your head.
                  | [demonic ancestry]
 10709 | D:10     | Reached XP level 11. HP: 37/84 MP: 20/22
 11088 | D:10     | Found a large runed translucent door.
 11091 | D:10     | Found a large runed translucent door.
 11109 | D:10     | Reached skill level 15 in Invocations
 11125 | D:10     | Mangled by an earth elemental

Illustrated notes

Levels and vault maps discovered:
D:1:      lemuel_arrival_tunnels, layout_basic
D:2:      layout_loops_ring, serial_forest, infiniplex_forest_lined_3,
          infiniplex_forest_clump_tiny, infiniplex_forest_clump_diagonal,
          infiniplex_forest_clump_small, infiniplex_forest_zigzag_2,
          infiniplex_forest_clump_medium, uniq_terence
D:3:      layout_rooms, lemuel_coloured_pillars_altar, minmay_surrounded,
          uniq_grinder, uniq_natasha
D:4:      layout_loops_ring, overflow_temple_1_default,
          makhleb_heckhound_becter, nemelex_dance_club_becter,
          minmay_temple_entry_waves, serial_shops, shop, nicolae_stop_n_shop_2,
          serial_bayou_pond_a, wad_floor_pattern_1, minmay_ogre_servants
D:5:      gammafunk_wand_slinger, layout_rooms, nicolae_elyvilon_temple_path,
          minmay_misc_feat_room, nicolae_concentric_dashed_squares_mild,
          uniq_prince_ribbit1
D:6:      layout_basic, nicolae_ossuary_entry_monument
D:7:      layout_layer_cave, trog_butcher_becter, minmay_statues_item
D:8:      layout_basic, serial_demonic, serial_demonic_b, serial_demonic_b,
          serial_demonic_e, serial_demonic_b
D:9:      layout_basic, lair_entry_dummy, zombieorc2_lemuel, grunt_livestock,
          fungi_pond_lemuel, dk_noncrumbling_2, minmay_splitting_lines
D:10:     wad_river_or_something, layout_long_grid, nicolae_uskayaw_suspiria,
          lightli_elemental_guards

Skill      XL: |  1  2  3  4  5  6  7  8  9 10 11 |
---------------+----------------------------------+-----
Unarmed Combat | 3 4 6 7 |  7.0
Shapeshifting  | 3 4 6 7 |  7.0
Fighting       | 4 6 7 |  7.0
Invocations    | 9 14 15 | 15.1
Dodging        | |  1.7

Action                     |  1- 3 |  4- 6 |  7- 9 | 10-12 || total
---------------------------+-------+-------+-------+-------++-------
  Melee: Unarmed           |    75 |   112 |   271 |   199 ||   657
         Touch             |     7 |    15 |    45 |    47 ||   114
         Punch             |     1 |     1 |    14 |    10 ||    26
         Kick              |       |    12 |    79 |    75 ||   166
    Use: Scroll            |       |     4 |    10 |     1 ||    15
         Potion            |       |     2 |     2 |       ||     4
 Armour: Animal skin       |    26 |       |       |       ||    26
         Ring mail         |    23 |    64 |   130 |   134 ||   351
  Dodge: Dodged            |    45 |    63 |   107 |    83 ||   298
  Block: Other             |       |       |    37 |    35 ||    72
         Reflection        |       |       |     1 |     2 ||     3

Table legend: (Time is in decaauts)
 A = Elapsed time spent in this place.
 B = Non-inter-level travel time spent in this place.
 C = Inter-level travel time spent in this place.
 D = Time resting spent in this place.
 E = Time spent auto-exploring this place.
 F = Levels seen in this place.
 G = Mean time per level.
                   A        B        C        D        E       F      G
               +--------+--------+--------+--------+--------+-----+--------+
         Total |  11081 |  10604 |    477 |    815 |   8149 |  11 | 1007.4 |
       Dungeon |  10727 |  10250 |    477 |    815 |   7904 |  10 | 1072.7 |
       Ossuary |    354 |    354 |      0 |      0 |    245 |   1 |  354.0 |
               +--------+--------+--------+--------+--------+-----+--------+

Top non-repeatable levels by time:
     D:9: 1659 daAuts
    D:10: 1374 daAuts
     D:7: 1301 daAuts
     D:6: 1203 daAuts
     D:1: 1040 daAuts
     D:2: 979 daAuts
     D:4: 964 daAuts
     D:5: 925 daAuts
     D:8: 641 daAuts
     D:3: 637 daAuts
 Ossuary: 354 daAuts
